 Dungeon Crawl Stone Soup version 0.14.1 (webtiles) character file.

500 Heini the Covered (level 6, 0/56 HPs)
             Began as a Hill Orc Fighter on May 1, 2014.
             Slain by Menkaure (6 damage)
             ... on Level 4 of the Dungeon.
             The game lasted 00:08:18 (3506 turns).

Heini the Covered (Hill Orc Fighter)                Turns: 3506, Time: 00:08:19

HP   0/56        AC  8     Str 21      XL: 6   Next: 60%
MP   2/2         EV  6     Int  8      God:
Gold 152         SH 18     Dex 10      Spells:  0 memorised,  5 levels left

rFire  . . .     SeeInvis .     h - +0,+2 hand axe (antimagic)
rCold  . . .     Clarity  .     b - +0 scale mail
rNeg   . . .     Conserve .     c - +0 shield
rPois  .         rCorr    .     (no helmet)
rElec  .         rRot     .     (no cloak)
SustAb . .       Spirit   .     (no gloves)
rMut   +         Warding  .     t - +0 pair of boots
Saprov + . .     Stasis   .     j - amulet of resist mutation {unknown}
MR     .....                    (no ring)
                                (no ring)

@: drained, not resistant to hostile enchantments, extremely unstealthy
A: saprovore 1
a: no special abilities


You were on level 4 of the Dungeon.
You were not hungry.

You visited 1 branch of the dungeon, and saw 4 of its levels.

You collected 152 gold pieces.

Inventory:

Hand weapons
 a - a +0,+0 war axe
 h - a +0,+2 anti-magic hand axe (weapon)
Armour
 b - a +0 scale mail (worn)
 c - a +0 shield (worn)
 t - a +0 pair of boots (worn)
Comestibles
 d - a meat ration
 f - a lemon
 x - a chunk of rat flesh
 z - a choko
 A - 12 sultanas
 B - a beef jerky
Scrolls
 e - a scroll of noise {unknown}
 n - a scroll of enchant weapon II {unknown}
 o - a scroll of fog {unknown}
 p - a scroll of recharging {unknown}
 q - 7 scrolls of identify {unknown}
 s - a scroll of enchant armour {unknown}
 y - a scroll of amnesia {unknown}
Jewellery
 j - an amulet of resist mutation (around neck) {unknown}
 v - a +1 ring of strength {unknown}
Potions
 g - a potion of confusion {unknown}
 i - a potion of restore abilities {unknown}
 k - a potion of magic {unknown}
 l - 5 potions of curing
 m - a potion of heal wounds {unknown}
 r - a potion of brilliance {unknown}
 u - a potion of beneficial mutation {unknown}
 w - 2 potions of flight {unknown}
 C - a potion of might


   Skills:
 * Level 5.4(4.9) Fighting
 * Level 5.3(4.8) Axes
 * Level 5.7(5.2) Armour
 - Level 3.2(2.7) Shields


You had 5 spell levels left.
You didn't know any spells.

Dungeon Overview and Level Annotations

Branches:
Dungeon (4/15)
 Temple: D:4-7

Altars:

Annotations:
D:4 Menkaure


Innate Abilities, Weirdness & Mutations

You can tolerate rotten meat.


Message History

Menkaure barely misses you.
You closely miss Menkaure.
Menkaure is moderately damaged.
Menkaure calls on the powers of darkness!
Your body is wracked with pain!
You hit Menkaure.
Menkaure's magic leaks into the air.
Menkaure is heavily damaged.
Menkaure hits you!
* * * LOW HITPOINT WARNING * * *
You closely miss Menkaure.
Menkaure is heavily damaged.
You block Menkaure's attack.
You slash Menkaure!
Menkaure's magic leaks into the air.
Menkaure is almost destroyed.
Menkaure hits you!
* * * LOW HITPOINT WARNING * * *
You hit Menkaure.
Menkaure's magic leaks into the air.
Menkaure is almost destroyed.
Menkaure hits you.
You die...

..................#
..................#######
........................#
............####).......#
.........................
............####........#
.###....##### #........#
............# #.........
.###........# #@........
............# #M#######.
............# ...
........##### .....
..#.....# .....%#
..#.....# #......#
........# #......#
..#.....# #.....##
........# ...


You could see Menkaure.

Vanquished Creatures
  Crazy Yiuf (D:2)
  An orc priest (D:3)
  An orc wizard (D:3)
  Natasha (D:3)
  2 worker ants (D:3)
  7 adders
  4 gnolls
  A worm (D:2)
  An ooze (D:2)
  8 orcs
  A ball python (D:3)
  7 bats
  5 giant cockroaches
  4 hobgoblins
  5 quokkas
  4 giant geckos
  5 giant newts
  10 goblins
  6 jackals (D:1)
  8 kobolds
  8 rats
90 creatures vanquished.

Notes
Turn   | Place    | Note
--------------------------------------------------------------
     0 | D:1      | Heini, the Hill Orc Fighter, began the quest for the Orb.
     0 | D:1      | Reached XP level 1. HP: 19/19 MP: 1/1
   189 | D:1      | Reached XP level 2. HP: 16/27 MP: 0/2
   431 | D:1      | Reached skill level 4 in Fighting
  1007 | D:2      | Reached XP level 3. HP: 25/33 MP: 1/3
  1349 | D:2      | Reached XP level 4. HP: 37/41 MP: 1/4
  1763 | D:2      | Noticed Crazy Yiuf
  1770 | D:2      | Killed Crazy Yiuf
  1770 | D:2      | Reached XP level 5. HP: 47/47 MP: 1/5
  1988 | D:3      | Reached skill level 5 in Fighting
  1988 | D:3      | Reached skill level 5 in Armour
  2286 | D:3      | Reached XP level 6. HP: 56/56 MP: 2/6
  2773 | D:3      | Reached skill level 5 in Axes
  2917 | D:3      | Noticed Natasha
  2926 | D:3      | Killed Natasha
  3497 | D:4      | Noticed Menkaure
  3506 | D:4      | Slain by Menkaure

Action                   |  1- 3 |  4- 6 || total
-------------------------+-------+-------++-------
Melee: Hand axe          |   113 |   258 ||   371
       War axe           |    14 |       ||    14
  Use: Potion            |       |     2 ||     2
